cohdb
Replays
Latest Replays
All Replays
Popular Replays
Top Player Replays
Match Explorer
How It Works
Community
CoH3 Stats
Reddit
Sign in to upload your games and track your stats! →
Sign in with Steam
Match 41483635
Unlisted
Match 41483635
Overview
Messages
Build Orders
End
Construct Infanterie Kompanie
Selects Terror Battlegroup
Selects Machine Gun Camouflage
MG 42 Machine Gun Team
Grenadier Squad
MG 42 Machine Gun Team
Grenadier Squad
Construct Panzergrenadier Kompanie
251 Medium Carrier
Pak 40 Anti-tank Gun Team
Panzergrenadier Officer Quarters
Construct Panzer Kompanie
Selects Contempt for the Weak
Selects Propaganda Leaflet Drop
小德子
유파_Yupa
Clavis
AshCo Dismas
Dumpster Bob
Khemerak
I'm no brain
naru
0
0
Comments
sign in to comment!
No comments posted yet!